 Dungeon Crawl Stone Soup version 0.30.0-29-ga12c61a403 (webtiles) character file.

Game seed: 1544019962564362259

338 Bnni the Digger (level 6, -4/44 HPs)
             Began as a Formicid Earth Elementalist on June 23, 2023.
             Slain by MrAu's ghost (5 damage)
             ... on level 3 of the Dungeon.
             The game lasted 00:03:48 (2591 turns).

Bnni the Digger (Formicid Earth Elementalist)       Turns: 2591, Time: 00:03:49

Health: -4/44      AC:  3    Str: 11 (12) XL:     6   Next: 86%
Magic:  0/10       EV: 11    Int: 14 (17) God:
Gold:   152        SH:  4    Dex: 13 (14) Spells: 1/11 levels left

rFire   . . .        u - +2 dagger (elec)
rCold   . . .        l - +0 buckler
rNeg    . . .        s - +0 leather armour
rPois   .            (helmet unavailable)
rElec   .            (no cloak)
rCorr   .            (no gloves)
SInv    +            (no boots)
Will    .....        (no amulet)
Stlth   ++           (no ring)
HPRegen 0.27/turn    (no ring)
MPRegen 0.12/turn

%: no passive effects
@: no status effects
A: permanent stasis, dig shafts and tunnels, antennae 3, four strong arms
a: Dig, Shaft Self


You were on level 3 of the Dungeon.
You visited 1 branch of the dungeon, and saw 3 of its levels.

You collected 152 gold pieces.

Inventory:

Hand Weapons
 u - a +2 dagger of electrocution (weapon)
Armour
 e - a +0 chain mail
 h - a +0 ring mail
 l - a +0 buckler (worn)
 m - a +0 scale mail
 s - a +0 leather armour (worn)
Jewellery
 n - a ring of fire
Wands
 v - a wand of paralysis (3)
Scrolls
 c - a scroll of vulnerability {unknown}
 d - a scroll of summoning {unknown}
 f - a scroll of noise {unknown}
 i - a scroll of brand weapon {unknown}
 k - a scroll of immolation {unknown}
 o - a scroll of acquirement {unknown}
 p - 3 scrolls of magic mapping {unknown}
 q - a scroll of fear {unknown}
 r - a scroll of teleportation {unknown}
 t - a scroll of enchant weapon {unknown}
 w - a scroll of blinking {unknown}
Potions
 a - a potion of flight
 b - a potion of magic
 j - 2 potions of attraction


   Skills:
 + Level 2.0 Fighting
 - Level 1.7 Dodging
 - Level 2.4 Stealth
 + Level 2.3 Shields
 + Level 3.0 Spellcasting
 * Level 2.6 Conjurations
 - Level 3.0 Transmutations
 * Level 5.3 Earth Magic


You had one spell level left.
You knew the following spells:

 Your Spells              Type           Power      Damage    Failure   Level
a - Sandblast             Erth           34%        2d9       4%          1
b - Passwall              Tmut/Erth      10%        N/A       11%         2
c - Stone Arrow           Conj/Erth      26%        3d8       24%         3
d - Petrify               Tmut/Erth      13%        N/A       58%         4

Your spell library contained the following spells:

 Spells                   Type           Power      Damage    Failure   Level
 Frozen Ramparts          Ice            4%         1d1       77%         3
 Ozocubu's Armour         Ice            2%         N/A       77%         3
 Ice Form                 Ice/Tmut       6%         N/A       91%         4
 Summon Ice Beast         Ice/Summ       2%         N/A       99%         4
 Metabolic Englaciation   Hex/Ice        1%         N/A       100%        5
 Simulacrum               Ice/Necr       1%         N/A       100%        6


Dungeon Overview and Level Annotations

Branches:
Dungeon (3/15)

Altars:

Annotations:
D:3 1 runed translucent door, MrAu's ghost, amateur HuFi


Innate Abilities, Weirdness & Mutations

You cannot be hasted, slowed, berserked, paralysed or teleported.
You can dig through walls and to a lower floor.
You have a pair of large antennae on your head. (SInv)
Your four strong arms can wield two-handed weapons with a shield.


Message History

The blast of sand hits MrAu's ghost but does no damage.
MrAu's ghost is lightly damaged.
You block MrAu's ghost's attack.
Aiming: Sandblast (safe; 3% risk of failure)
Press: ? - help, Q - select action, (/) - cycle Shift-Dir - straight line, f/p - MrAu's ghost
Aim: MrAu's ghost (lightly damaged, 85% to hit)
The blast of sand hits MrAu's ghost.
MrAu's ghost is lightly damaged.
MrAu's ghost hits you but does no damage.
MrAu's ghost closely misses you.
Aiming: Sandblast (safe; 3% risk of failure)
Press: ? - help, Q - select action, (/) - cycle Shift-Dir - straight line, f/p - MrAu's ghost
Aim: MrAu's ghost (lightly damaged, 85% to hit)
The blast of sand hits MrAu's ghost but does no damage.
MrAu's ghost is lightly damaged.
MrAu's ghost hits you.
* * * LOW HITPOINT WARNING * * *
Aiming: Sandblast (safe; 3% risk of failure)
Press: ? - help, Q - select action, (/) - cycle Shift-Dir - straight line, f/p - MrAu's ghost
Aim: MrAu's ghost (lightly damaged, 85% to hit)
The blast of sand hits MrAu's ghost but does no damage.
MrAu's ghost is lightly damaged.
MrAu's ghost hits you!
* * * LOW HITPOINT WARNING * * *
MrAu's ghost barely misses you.
Your magical contamination has completely faded away.
It was a potion of degeneration.
There was something very wrong with that liquid.
You feel weakened.
You feel dopey.
You feel clumsy. You block MrAu's ghost's attack.
Casting: Sandblast (safe; 4% risk of failure)
Confirm with . or Enter, or press ? or * to list all spells.
Aiming: Passwall (safe; 11% risk of failure)
Press: ? - help, Dir - move target, p - MrAu's ghost A rock wall.
MrAu's ghost hits you.
* * * LOW HITPOINT WARNING * * *
You begin to meditate on the wall.
You continue meditating on the rock.
MrAu's ghost hits you.
You die...

...#.#########~)~#....# #...#
.##.## #######~~~##.#.# #....
.#### #.....#~~~##.#.#######...#
.# #.....#~~~##.#.##......... .#
#....(#~~~#............... .#
#.....##'##....##......... .#
#....[...{#..#######...... .#
######..W##..# #.#...# .#
######.##@#..# #.#..^# .###
###......####..# #.#.<.# ..<#
#..............# #.#...# .#.#
#.#...........## #......
.#.###.#.....#################.##
............># #..........#
##.###.####.## #..##...##.# ##.#
#.####.# #..##......# ...#
#......# #..........#


You could see MrAu's ghost.

Vanquished Creatures
  Sigmund (D:2)
  A bullfrog (D:3)
  An orc wizard (D:3)
  3 adders
  A dart slug (D:3)
  4 orcs (D:3)
  5 endoplasms
  A giant cockroach (D:3)
  8 goblins
  A hobgoblin (D:3)
  3 jackals (D:2)
  4 kobolds
  6 quokkas
  6 ball pythons
  4 bats
  3 frilled lizards
  3 rats
55 creatures vanquished.

Notes
Turn   | Place    | Note
-------+----------+-------------------------------------------
     0 | D:1      | Bnni the Formicid Earth Elementalist began the quest for
                  | the Orb.
     0 | D:1      | Reached XP level 1. HP: 13/13 MP: 3/3
   258 | D:1      | Reached XP level 2. HP: 16/19 MP: 1/5
   855 | D:2      | Reached XP level 3. HP: 18/25 MP: 4/6
   933 | D:2      | Reached skill level 1 in Conjurations
   933 | D:2      | Reached skill level 4 in Earth Magic
  1110 | D:2      | Reached skill level 1 in Fighting
  1177 | D:2      | Reached XP level 4. HP: 32/32 MP: 5/7
  1270 | D:2      | Noticed Sigmund
  1283 | D:2      | Killed Sigmund
  1284 | D:2      | Reached skill level 1 in Shields
  1284 | D:2      | Reached XP level 5. HP: 19/38 MP: 4/9
  1284 | D:2      | Reached XP level 6. HP: 22/44 MP: 4/10
  1732 | D:2      | Learned a level 2 spell: Passwall
  1736 | D:2      | Learned a level 3 spell: Stone Arrow
  1741 | D:2      | Learned a level 4 spell: Petrify
  1923 | D:3      | Found a runed translucent door.
  1949 | D:3      | Noticed MrAu's ghost (amateur HuFi)
  2022 | D:3      | Found a runed translucent door.
  2186 | D:3      | Reached skill level 5 in Earth Magic
  2590 | D:3      | HP: 1/44 [MrAu's ghost (6)]
  2591 | D:3      | Slain by MrAu's ghost

Illustrated notes

Levels and vault maps discovered:
D:1:      kennysheep_arrival_seaside, layout_basic, st_stairs_12
D:2:      layout_loops_ring, minmay_misc_feat_doors, uniq_sigmund
D:3:      layout_loops_cross, ebering_ghost_sewer_f

Skill      XL: |  1  2  3  4  5  6 |
---------------+-------------------+-----
Conjurations   | 1 2 |  2.6
Earth Magic    | 4 5 |  5.3
Fighting       | 1 2 |  2.0
Transmutations | 2 3 |  3.0
Shields        | 1 2 |  2.3
Spellcasting   | 3 |  3.0
Dodging        | |  1.7
Stealth        | |  2.4

Action                     |  1- 3 |  4- 6 || total
---------------------------+-------+-------++-------
  Melee: Unarmed           |     5 |       ||     5
         Dagger            |    19 |     5 ||    24
   Cast: Sandblast         |    32 |    40 ||    72
         Passwall          |       |     1 ||     1
Ability: Dig               |       |     1 ||     1
    Use: Scroll            |       |     3 ||     3
         Potion            |       |     1 ||     1
   Stab: Sleeping          |     2 |       ||     2
 Armour: Robe              |     9 |       ||     9
         Leather armour    |       |     3 ||     3
  Dodge: Dodged            |    24 |    10 ||    34
  Block: Buckler           |     3 |     4 ||     7
